 Dungeon Crawl Stone Soup version 0.28.0-43-g3370ac3207 (webtiles) character file.

Game seed: 16484697563279166864

1992 Cykl0x the Geomancer (level 9, -1/50 HPs)
             Began as a Gargoyle Earth Elementalist on Mar 6, 2022.
             Was an Initiate of Vehumet.
             Slain by a gnoll sergeant
             ... wielding a +2 spear of freezing
              (2 damage)
             ... on level 6 of the Dungeon.
             The game lasted 00:09:58 (7093 turns).

Cykl0x the Geomancer (Gargoyle Earth Elementalist)  Turns: 7093, Time: 00:09:59

Health: -1/50      AC: 11    Str: 19    XL:     9   Next: 21%
Magic:  1/18       EV: 11    Int: 19    God:    Vehumet [......]
Gold:   219        SH:  3    Dex: 10    Spells: 16/20 levels left

rFire   + + .      SeeInvis .   p - +0 falchion
rCold   + . .      Faith    .   k - +0 buckler
rNeg    + + .      Spirit   .   h - +1 leather armour {rF+}
rPois   ∞          Reflect  .   w - +0 helmet
rElec   +          Harm     .   m - scarf {rC+ rF+}
rCorr   .          Rampage  .   (no gloves)
Will    .....                   (no boots)
Stlth   ++........              (no amulet)
HPRegen 0.16/turn               o - ring of Spontaneous Combustion {rN+ Slay+2}
MPRegen 0.16/turn               y - +6 ring of strength

@: no status effects
A: sickness immunity, AC +6, negative energy resistance 1, electricity
resistance, torment resistance 1, petrification resistance
a: Renounce Religion


You were on level 6 of the Dungeon.
You worshipped Vehumet.
Vehumet was noncommittal.
You visited 2 branches of the dungeon, and saw 7 of its levels.

You collected 239 gold pieces.
You spent 20 gold pieces at shops.

Inventory:

Hand Weapons
 f - a +0 dagger
 g - a +0 short sword
 i - a +2 dagger of venom
 p - a +0 falchion (weapon)
 v - the +9 dagger "Akkytef" {vorpal, Will+ MP+9 Str+3}
   (You found it on level 5 of the Dungeon)

   It inflicts extra damage upon your enemies.
   Str:       It affects your strength (+3).
   MP:        It affects your magic capacity (+9).
   Will:      It increases your willpower.
Missiles
 c - 48 stones
 d - 2 throwing nets
Armour
 b - a +0 robe
 h - a +1 leather armour of fire resistance (worn)
 k - a +0 buckler (worn)
 m - a scarf of resistance (worn)
 w - a +0 helmet (worn)
Jewellery
 e - a ring of ice
 o - the ring of Spontaneous Combustion (left hand) {rN+ Slay+2}
   (You found it on level 3 of the Dungeon)

   [ring of positive energy]

   Slay:      It affects your accuracy & damage with ranged weapons and melee
   (+2).
   rN:        It protects you from negative energy.
 y - a +6 ring of strength (right hand)
Wands
 a - a wand of acid (2)
 r - a wand of charming (3)
Scrolls
 j - 2 scrolls of teleportation
 n - a scroll of silence
 z - a scroll of identify
Potions
 l - a potion of cancellation
 q - a potion of heal wounds
 s - a potion of resistance
 t - a potion of curing
 u - a potion of might {unknown}
 x - a potion of ambrosia {unknown}


   Skills:
 * Level 3.1 Fighting
 + Level 0.3(0.8) Short Blades
 + Level 1.2 Long Blades
 + Level 2.7 Armour
 + Level 2.5 Dodging
 - Level 2.1 Stealth
 + Level 6.1 Spellcasting
 * Level 5.7 Conjurations
 - Level 0.7 Transmutations
 + Level 8.1 Earth Magic
 + Level 1.4 Evocations


You had 16 spell levels left.
You knew the following spells:

 Your Spells              Type           Power      Damage    Failure   Level
a - Sandblast             Erth           72%        2d16      1%          1
b - Stone Arrow           Conj/Erth      64%        3d11      3%          3

Your spell library contained the following spells:

 Spells                   Type           Power      Damage    Failure   Level
 Passwall                 Tmut/Erth      18%        N/A       4%          2
 Petrify                  Tmut/Erth      22%        N/A       28%         4
 Lightning Bolt           Conj/Air       8%         1d20      83%         5
 Freezing Cloud           Conj/Ice/Air   6%         6-21      92%         5
 Conjure Ball Lightning   Conj/Air       8%         3x3d6     100%        6


Dungeon Overview and Level Annotations

Branches:
Dungeon (6/15)             Temple (1/1) D:6

Altars:
Ashenzari
Cheibriados
Elyvilon
Fedhas
Gozag
Kikubaaqudgha
Nemelex Xobeh
Okawaru
Qazlal
Ru
Sif Muna
Trog
Vehumet
Wu Jian
Xom
Yredelemnul
Zin

Shops:
D:1 ?

Annotations:
D:4 1 runed translucent door, Xye's ghost, novice HOFi


Innate Abilities, Weirdness & Mutations

You are immune to sickness and miasma.
Your stone body is resilient. (AC +6)
You are immune to poison.
You resist negative energy. (rN+)
You are resistant to electric shocks. (rElec)
You are resistant to unholy torment.
You are immune to petrification.


Message History

Aiming: Stone Arrow (dangerous; 3% risk of failure)
Press: ? - help, Shift-Dir - straight line, f - gnoll sergeant
Aim: a gnoll sergeant, wielding a +2 spear of freezing and wearing a +0 ring mail (81% to hit)
The stone arrow misses the gnoll sergeant.
The gnoll sergeant hits you but does no damage.
Unknown command.
Casting: Stone Arrow (dangerous; 3% risk of failure)
Confirm with . or Enter, or press ? or * to list all spells.
Aiming: Stone Arrow (dangerous; 3% risk of failure)
Press: ? - help, Shift-Dir - straight line, f/p - gnoll sergeant
Aim: a gnoll sergeant, wielding a +2 spear of freezing and wearing a +0 ring mail (81% to hit)
The stone arrow misses the gnoll sergeant.
The gnoll sergeant closely misses you.
Unknown command.
The gnoll sergeant hits you with a +2 spear of freezing.
You see here a +0 flail.
You hit the gnoll sergeant but do no damage.
The gnoll sergeant hits you but does no damage.
Casting: Stone Arrow (dangerous; 3% risk of failure)
Confirm with . or Enter, or press ? or * to list all spells.
Aiming: Sandblast (safe; 1% risk of failure)
Press: ? - help, Shift-Dir - straight line, f/p - gnoll sergeant
Aim: a gnoll sergeant, wielding a +2 spear of freezing and wearing a +0 ring mail (87% to hit)
The blast of sand hits the gnoll sergeant!
The gnoll sergeant is moderately wounded.
c - 49 stones The gnoll sergeant hits you with a +2 spear of freezing.
* * * LOW HITPOINT WARNING * * *
Casting: Sandblast (safe; 1% risk of failure)
Confirm with . or Enter, or press ? or * to list all spells.
Aiming: Sandblast (safe; 1% risk of failure)
Press: ? - help, Shift-Dir - straight line, f/p - gnoll sergeant
Aim: a gnoll sergeant, wielding a +2 spear of freezing and wearing a +0 ring mail (moderately wounded, 87% to hit)
The blast of sand hits the gnoll sergeant!
The gnoll sergeant is almost dead.
c - 48 stones The gnoll sergeant hits you with a +2 spear of freezing!
* * * LOW HITPOINT WARNING * * *
The gnoll sergeant freezes you.
You die...

#.......................
#.......................
#.......................
######'######'##...#####
#.<.....##....##...##>..
#.............#######...
#.............. #....
#.............. #....
#....##@####### #....
#######g# #.... ..)
##... #.... ##... #.....
#.... #...... #....
#....... #.... #........
#.... ####.


You could see a gnoll sergeant.

Vanquished Creatures
  A gargoyle (D:5)
  Sigmund (D:4)
  A water moccasin (D:6)
  A sky beast (D:6)
  2 black bears (D:5)
  An ogre (D:5)
  A phantom (D:5)
  A wyvern skeleton (D:6)
  A water moccasin skeleton (D:5)
  A howler monkey (D:3)
  A centaur zombie (D:5)
  3 iguanas (D:5)
  2 orc wizards (D:6)
  10 gnolls
  4 adders
  A white imp (D:5)
  An adder skeleton (D:4)
  2 worms
  3 dart slugs
  12 orcs
  4 endoplasms
  2 giant cockroaches
  6 goblins
  9 hobgoblins
  6 jackals
  2 kobolds (D:2)
  A quokka (D:1)
  7 ball pythons
  5 bats
  4 frilled lizards
  3 rats
99 creatures vanquished.

Vanquished Creatures (collateral kills)
  Pikel (D:4)
1 creature vanquished.

Grand Total: 100 creatures vanquished

Notes
Turn   | Place    | Note
-------+----------+-------------------------------------------
     0 | D:1      | Cykl0x the Gargoyle Earth Elementalist began the quest for
                  | the Orb.
     0 | D:1      | Reached XP level 1. HP: 10/10 MP: 3/3
   196 | D:1      | Found Gatresy's Magic Scroll Shoppe.
   241 | D:1      | Bought a scroll of identify for 20 gold pieces
   318 | D:1      | Reached XP level 2. HP: 15/15 MP: 3/5
   359 | D:1      | Got Suybikh's Handbook of Flight
   497 | D:1      | Reached skill level 4 in Earth Magic
  1006 | D:2      | Reached XP level 3. HP: 19/19 MP: 4/6
  1010 | D:2      | Learned a level 3 spell: Stone Arrow
  1046 | D:2      | Reached skill level 1 in Conjurations
  1347 | D:2      | Found a faded altar of an unknown god.
  2129 | D:2      | Reached XP level 4. HP: 24/24 MP: 0/8
  2703 | D:3      | Identified the ring of Spontaneous Combustion {rN+ Slay+2}
  3108 | D:3      | Reached XP level 5. HP: 28/28 MP: 0/9
  3320 | D:3      | Found a bloodstained altar of Trog.
  3855 | D:4      | Reached skill level 5 in Earth Magic
  4169 | D:4      | Noticed a lemure
  4209 | D:4      | Noticed a lemure
  4209 | D:4      | Noticed a lemure
  4210 | D:4      | Noticed a lemure
  4215 | D:4      | Noticed Pikel
  4225 | D:4      | Killed Pikel
  4226 | D:4      | Reached skill level 6 in Earth Magic
  4226 | D:4      | Reached XP level 6. HP: 26/32 MP: 7/13
  4226 | D:4      | Reached XP level 7. HP: 29/36 MP: 7/14
  4568 | D:4      | Found a runed translucent door.
  4571 | D:4      | Noticed Xye's ghost (novice HOFi)
  4590 | D:4      | Noticed Sigmund
  4604 | D:4      | Killed Sigmund
  4605 | D:4      | Reached skill level 5 in Spellcasting
  4605 | D:4      | Reached skill level 1 in Evocations
  4912 | D:5      | Entered Level 5 of the Dungeon
  5004 | D:5      | Reached XP level 8. HP: 36/42 MP: 0/15
  5112 | D:5      | Noticed a gargoyle
  5119 | D:5      | Killed a gargoyle
  5120 | D:5      | Reached skill level 1 in Fighting
  5120 | D:5      | Reached skill level 1 in Armour
  5120 | D:5      | Reached skill level 7 in Earth Magic
  5580 | D:5      | Reached skill level 5 in Conjurations
  5662 | D:5      | Identified the +9 dagger "Akkytef" {vorpal, Will+ MP+9
                  | Str+3}
  6454 | D:6      | Found a staircase to the Ecumenical Temple.
  6465 | D:6      | Reached XP level 9. HP: 36/49 MP: 4/17
  6469 | Temple   | Entered the Ecumenical Temple
  6767 | Temple   | Became a worshipper of Vehumet
  6823 | D:6      | Reached skill level 8 in Earth Magic
  6877 | D:6      | Reached skill level 1 in Long Blades
  7093 | D:6      | HP: 1/50 [gnoll sergeant/+2 spear of freezing (12)]
  7093 | D:6      | Slain by a gnoll sergeant

Illustrated notes

Levels and vault maps discovered:
D:1:      dpeg_arrival_concentric_ovals, layout_loops_ring, serial_shops, shop,
          hangedman_abyss_or_decor_stabs, chequers_serial_rivers_small_3
D:2:      layout_basic, dreamdust_ecumenical_altar_hidden_monk_grotto,
          minmay_pentomino_x2
D:3:      minmay_evil_eye, layout_basic, trog_book, kennysheep_cross_room,
          nrook_loot_triangle, grunt_decor_junction
D:4:      layout_basic, gammafunk_ghost_grave, uniq_pikel, uniq_sigmund
D:5:      layout_rooms, minmay_misc_feat_rugged, nrook_campfire
D:6:      layout_gridville, nicolae_uskayaw_suspiria, minmay_temple_entry_glass
Temple:   regret_index_temple_sphere_string

Skill      XL: |  1  2  3  4  5  6  7  8  9 |
---------------+----------------------------+-----
Earth Magic    | 4 6 7 8 |  8.1
Conjurations   | 1 2 3 4 5 |  5.7
Dodging        | 2 |  2.5
Spellcasting   | 3 4 5 6 |  6.1
Evocations     | 1 |  1.4
Fighting       | 2 3 |  3.1
Armour         | 2 |  2.7
Long Blades    | 1 |  1.2
Short Blades   | |  0.3
Stealth        | |  2.1
Transmutations | |  0.7

Action                   |  1- 3 |  4- 6 |  7- 9 || total
-------------------------+-------+-------+-------++-------
Melee: Unarmed           |     2 |       |       ||     2
       Dagger            |    26 |       |       ||    26
       Falchion          |       |     4 |    46 ||    50
 Cast: Sandblast         |    37 |    20 |    15 ||    72
       Stone Arrow       |    12 |    18 |    55 ||    85
Evoke: Wand              |       |     7 |       ||     7
  Use: Scroll            |     1 |     3 |     5 ||     9
       Potion            |       |       |     1 ||     1
Armor: Robe              |    11 |     3 |       ||    14
       Leather armour    |       |       |    33 ||    33
Dodge: Dodged            |    34 |    10 |    26 ||    70
Block: Buckler           |       |       |    10 ||    10
